 BcadrenCrawl: Boulder Brew version 0.03.2.1-83-g5d37f8cad5 (webtiles) character file.

Game seed: 9570647682453019716, levelgen mode: deterministic

24534 esc the Thaumaturge (level 13, 0/99 HPs) Gnoll Noble. Began on Feb 19, 2021. Was an Elder of Makhleb. Slain by a shadow (12 damage) ... summoned by a mummy priest's death curse ... on level 1 of the Lair of Beasts. The game lasted 00:20:21 (6889 turns).

esc the Thaumaturge (Gnoll Noble)                   Turns: 6889, Time: 00:20:21

Health: 0/99       AC: 22    Str: 18    XL:     13 ^: 19159
Magic:  38/38      EV: 19    Int: 18    God:    Makhleb [4* [102]]
Gold:   604        SH:  0    Dex: 26    Spells: 34/34 levels left

rFire    . . .     Vision   .   c - +3 triple crossbow (freeze)
rCold    + . .     Gourm    .   (also wielding the above weapon)
rNeg     . . .     Faith    .   t - +0 acid dragon scales
rPois    .         Spirit   .   l - +3 hat of Pondering {ponderous, MR+ MP+10 Int+5, (Curse: *Corrode)} (curse)
rElec    .         Reflect  .   w - +2 cloak {rC+}
rCorr    +         Harm     .   d - +0 pair of gloves {archery}
MR       .....                  v - +0 pair of boots {Str+3}
Stlth    ++++......             H - amulet of regeneration (curse) {(Curse: MR-)}
HPRegen  0.83/turn              e - ring of dexterity
MPRegen  0.48/turn              A - ring of protection

@: about to teleport, flayed, studying 2 skills, slow
A: distributed training, fangs 1, strong nose
a: Minor Destruction, Lesser Servant of Makhleb, Major Destruction, Renounce
Religion


You were on level 1 of the Lair of Beasts.
You worshipped Makhleb.
Makhleb was greatly pleased with you.
You were not hungry.

You visited 3 branches of the dungeon, and saw 7 of its levels.
You also visited: Ice Cave and Market.

You collected 595 gold pieces.
You spent 991 gold pieces at shops.

Inventory:

Weapons
 c - a +3 triple crossbow of freezing (weapon)
Armour
 d - a +0 pair of gloves of archery (worn)
 l - the cursed +3 hat of Pondering (worn) {ponderous, MR+ MP+10 Int+5, (Curse: *Corrode)}
   (You took it off Gastronok on level 1 of the Lair of Beasts)

   It affects your intelligence (+5).
   It affects your resistance to hostile enchantments.
   It affects your magic capacity (+10).
   It has a curse placed upon it.
   { (Curse: *Corrode)}
 t - +0 acid dragon scales (worn)
 u - a +3 leather armour of cold resistance
 v - a +0 pair of boots of strength (worn)
 w - a +2 cloak of cold resistance (worn)
 y - a +2 cloak
Jewellery
 e - a ring of dexterity (left hand)
 g - an uncursed ring of positive energy
 i - an uncursed ring of intelligence
 j - an uncursed ring of magical power
 x - an uncursed ring of positive energy
 A - a ring of protection (right hand)
 H - a cursed amulet of regeneration (around neck) {(Curse: MR-)}
Wands
 a - a wand of hasting (2)
 z - a wand of flame (1)
 D - a wand of random effects (15)
 F - a wand of enslavement (1)
 G - a wand of scattershot (1)
 I - a wand of polymorph (19)
Scrolls
 f - 3 scrolls of fog
 o - a scroll of blinking
 p - 7 scrolls of amnesia
 J - a scroll of magic mapping
Potions
 h - a potion of ambrosia
 k - 2 potions of haste
 m - 8 potions of curing
 n - 2 potions of might
 q - 6 potions of heal wounds
 r - 3 potions of agility
 s - 6 potions of cancellation
 B - a potion of resistance
 E - a potion of invisibility
Comestibles
 b - 33 rations


   Skills:
 + Level 8.5 Fighting
 + Level 8.0 Short Blades
 + Level 8.0 Long Blades
 + Level 8.0 Axes & Hammers
 + Level 8.0 Whips & Flails
 + Level 8.0 Polearms
 + Level 8.0 Maces & Staves
 + Level 8.0 Slings
 + Level 8.0 Bows
 + Level 8.0 Crossbows
   Level 0.0 Throwing
 + Level 8.0 Armour
 + Level 8.0 Dodging
 + Level 8.4 Stealth
 + Level 8.0 Shields
 + Level 8.0 Unarmed Combat
 + Level 11.0 Spellcasting
 + Level 6.6 Hexes
 + Level 6.6 Charms
 + Level 6.6 Summonings
 + Level 6.6 Necromancy
 + Level 6.6 Translocations
 + Level 8.0 Transmutations
 + Level 6.6 Fire Magic
 + Level 6.6 Ice Magic
 + Level 6.6 Air Magic
 + Level 6.6 Earth Magic
 + Level 6.6 Poison Magic
 + Level 8.8 Invocations
 + Level 8.0 Evocations


You had 34 spell levels left.
You didn't know any spells.
Your spell library was empty.

Dungeon Overview and Level Annotations

Branches:
Dungeon (5/8)              Temple (1/1) D:4            Lair (1/6) D:5
  IceCv (visited)

Altars:
Ashenzari
Cheibriados
Dithmenos
Elyvilon
Fedhas Madash
Gozag Ym Sagoz
Hepliaklqana
Kikubaaqudgha
Makhleb
Nemelex Xobeh
Okawaru
Qazlal
Ru
Sif Muna
Trog
Vehumet
Wu Jian
Xom
Yredelemnul
Zin
The Shining One

Shops:
D:4 %


Innate Abilities, Weirdness & Mutations

Your experience applies equally to all skills.
You have very sharp teeth.
Your uncanny sense of smell can sniff out nearby items.


Message History

Press: ? - help, Shift-Dir - straight line, f/p - mummy priest
Aim: a mummy priest, wielding a cursed +0 hatchet of molten steel {(Curse: Fragile)} and wearing a cursed ring of teleportation {(Curse: *Drain Fragile)} (lightly damaged (62/66))
You shoot a triplet of bolts.
The spiny frog zombie makes you miss your attack.
The couple of bolts hits the mummy priest (5).
The couple of bolts freezes the mummy priest (1).
The couple of bolts hits the mummy priest (14)!
The couple of bolts freezes the mummy priest (2).
The mummy priest is moderately damaged. (40/66) HP The shadow strikes at you from the darkness!
Reactivating autopickup.
The shadow barely misses you (0).
A wolf zombie comes into view.
The mummy priest prays to its god.
The spiny frog zombie hits you but does no damage.
The flayed ghost hits you (27)!!
* * * LOW HITPOINT WARNING * * *
The hungry ghost hits you (0).
You feel a lot more hungry. The shadow hits you (12)!
You die...

##### ##...#### ##.8≈..#.#
#.§§≈§..###****************
#.§≈8≈≈..8#,*,*,*,*,**8,,,,
###.§≈≈≈≈≈.WW+#Z#n#+*+**8,8,8
#..≈≈8≈88§≈W@W4MWW..,,,+,,,,,
##.≈8≈≈≈§≈.W#Z#Z#'#+*+**8,8,8
##.≈≈≈§...8#.#,*,*,*,**8,,,,
##..§§≈.#####**************
###...## ##)..# #..### #.##
##.##


You could see a mummy priest, 2 flayed ghosts, an orange demon, a phantasmal
warrior, a freezing wraith, a hungry ghost, a necrophage, 2 shadows, a wyvern
simulacrum, a wolf zombie (wandering) and a spiny frog zombie.

Vanquished Creatures
  Gastronok (Lair:1)
  A frost giant (IceCv)
  An eidolon (Lair:1)
  A mummy priest (Lair:1)
  A hydra (Lair:1)
  5 molten gargoyles (Lair:1)
  An ice statue (IceCv)
  2 black mambas (Lair:1)
  A spiny frog (Lair:1)
  5 elephants (Lair:1)
  17 polar bears (IceCv)
  A wraith (Lair:1)
  A hornet (D:5)
  Grinder (D:3)
  A hippogriff (D:5)
  4 flying skulls (Lair:1)
  4 wyverns
  19 yaks
  Menkaure (D:3)
  A basilisk (D:5)
  An acid dragon (D:5)
  2 necrophages (D:4)
  4 water moccasins
  An orc warrior (D:4)
  Duvessa (D:2)
  4 porcupines
  2 scorpions
  5 ice beasts
  A sky beast (D:4)
  A black bear (D:4)
  5 ogres
  4 crocodiles
  7 wolves (IceCv)
  7 big kobolds (D:2)
  10 bullfrogs
  Dowan (D:2)
  A howler monkey (D:5)
  6 killer bees
  A quasit (D:4)
  A crimson imp (D:4)
  6 orc priests
  13 jellies
  A crocodile zombie (Lair:1)
  2 iguanas
  5 orc wizards
  4 worker ants (D:4)
  A water moccasin skeleton (D:3)
  7 giant cockroaches
  3 bullfrog zombies (D:4)
  Robin (D:2)
  4 bullfrog skeletons
  2 shadow imps (D:4)
  8 adders
  A gnoll (D:1)
  31 sewer rats (D:2)
  8 cinder newts
  A worm (D:2)
  A hound zombie (D:5)
  A howler monkey zombie (D:5)
  A hound skeleton (D:5)
  3 oozes
  A worker ant zombie (D:5)
  2 dart slugs (D:1)
  9 leopard geckos
  25 orcs
  5 adder skeletons
  A cinder newt skeleton (D:2)
  7 goblins
  4 hobgoblins (D:1)
  5 jackals (D:4)
  5 quokkas
  4 ball pythons
  6 bats
  A bat skeleton (D:2)
  26 kobolds
  A leopard gecko skeleton (D:2)
  6 rats
  A rat skeleton (D:2)
  A butterfly (D:5)
  2 slimeheads (D:2)
  A withered plant (D:2)
351 creatures vanquished.

Vanquished Creatures (others)
  2 polar bears (IceCv)
  2 jellies (D:2)
  A sewer rat (D:2)
  A leopard gecko (D:2)
  5 goblins (D:2)
  A ball python (D:2)
  A kobold skeleton (D:2)
  2 rats (D:2)
  3 bushes (Lair:1)
  4 plants (Lair:1)
  104 withered plants (D:2)
126 creatures vanquished.

Grand Total: 477 creatures vanquished

Notes
Turn   | Place    | Note
-------+----------+-------------------------------------------
     0 | Start Ma | esc the Gnoll Noble began the quest for the Orb.
     0 | Start Ma | Reached XP level 1. HP: 17/17 MP: 4/4
     0 | Start Ma | Found Keurpho's Expert Tomes.
     5 | Start Ma | Found Odilit's Auxillary Armour.
     7 | Start Ma | Bought a +0 triple crossbow for 400 gold pieces
    13 | Start Ma | Bought a +0 pair of gloves of archery for 230 gold pieces
    19 | Start Ma | Found Abunuf's Mashing MeleeMart.
    29 | Start Ma | Bought an uncursed ring of dexterity for 329 gold pieces
    47 | Start Ma | Bought a scroll of fog for 32 gold pieces
    54 | D:1      | esc set off with the following items: a +0 robe, a ration,
                  | a +0 triple crossbow, a +0 pair of gloves of archery, a
                  | ring of dexterity, a scroll of fog
   154 | D:1      | Reached XP level 2. HP: 23/23 MP: 5/5
   197 | D:1      | Reached XP level 3. HP: 21/28 MP: 7/7
   461 | D:1      | Reached skill level 1 in Invocations
   823 | D:2      | Noticed a water moccasin
   824 | D:2      | Noticed a water moccasin
   829 | D:1      | Killed a water moccasin
   829 | D:1      | Reached skill level 1 in Short Blades
   829 | D:1      | Reached skill level 1 in Long Blades
   829 | D:1      | Reached skill level 1 in Axes & Hammers
   829 | D:1      | Reached skill level 1 in Whips & Flails
   829 | D:1      | Reached skill level 1 in Polearms
   829 | D:1      | Reached skill level 1 in Maces & Staves
   829 | D:1      | Reached skill level 1 in Slings
   829 | D:1      | Reached skill level 1 in Bows
   829 | D:1      | Reached skill level 1 in Crossbows
   829 | D:1      | Reached skill level 1 in Armour
   829 | D:1      | Reached skill level 1 in Dodging
   829 | D:1      | Reached skill level 1 in Shields
   829 | D:1      | Reached skill level 1 in Unarmed Combat
   829 | D:1      | Reached skill level 3 in Spellcasting
   829 | D:1      | Reached skill level 1 in Hexes
   829 | D:1      | Reached skill level 1 in Charms
   829 | D:1      | Reached skill level 1 in Summonings
   829 | D:1      | Reached skill level 1 in Necromancy
   829 | D:1      | Reached skill level 1 in Translocations
   829 | D:1      | Reached skill level 1 in Transmutations
   829 | D:1      | Reached skill level 1 in Fire Magic
   829 | D:1      | Reached skill level 1 in Ice Magic
   829 | D:1      | Reached skill level 1 in Air Magic
   829 | D:1      | Reached skill level 1 in Earth Magic
   829 | D:1      | Reached skill level 1 in Poison Magic
   829 | D:1      | Reached skill level 1 in Evocations
   829 | D:1      | Reached XP level 4. HP: 11/35 MP: 8/8
   829 | D:1      | Reached XP level 5. HP: 13/41 MP: 9/9
   973 | D:2      | Reached XP level 6. HP: 47/47 MP: 9/11
  1089 | D:2      | Reached XP level 7. HP: 49/52 MP: 12/12
  1442 | D:2      | Reached skill level 4 in Spellcasting
  1520 | D:2      | Reached XP level 8. HP: 60/60 MP: 14/14
  1660 | D:2      | Noticed Robin
  1670 | D:2      | Killed Robin
  1885 | D:2      | Noticed Dowan
  1887 | D:2      | Killed Dowan
  1887 | D:2      | Noticed Duvessa
  2089 | D:2      | Killed Duvessa
  2210 | D:2      | Reached skill level 5 in Spellcasting
  2223 | D:2      | Reached XP level 9. HP: 66/66 MP: 16/16
  2685 | D:3      | Noticed Grinder
  2687 | D:3      | Killed Grinder
  2822 | D:3      | Noticed Menkaure
  2823 | D:3      | Killed Menkaure
  2823 | D:3      | Reached skill level 5 in Fighting
  3160 | D:4      | Reached skill level 5 in Stealth
  3166 | D:4      | Reached skill level 6 in Spellcasting
  3246 | D:4      | Found Hiriq's Food Emporium.
  3276 | D:4      | Reached skill level 5 in Invocations
  3439 | D:4      | Reached XP level 10. HP: 74/74 MP: 19/19
  3471 | D:4      | Found a staircase to the Ecumenical Temple.
  3498 | Temple   | Entered the Ecumenical Temple
  3677 | Temple   | Became a worshipper of Makhleb the Destroyer
  3963 | D:4      | Reached skill level 5 in Short Blades
  3963 | D:4      | Reached skill level 5 in Long Blades
  3963 | D:4      | Reached skill level 5 in Axes & Hammers
  3963 | D:4      | Reached skill level 5 in Whips & Flails
  3963 | D:4      | Reached skill level 5 in Polearms
  3963 | D:4      | Reached skill level 5 in Maces & Staves
  3963 | D:4      | Reached skill level 5 in Slings
  3963 | D:4      | Reached skill level 5 in Bows
  3963 | D:4      | Reached skill level 5 in Crossbows
  3963 | D:4      | Reached skill level 5 in Armour
  3963 | D:4      | Reached skill level 5 in Dodging
  3963 | D:4      | Reached skill level 5 in Shields
  3963 | D:4      | Reached skill level 5 in Unarmed Combat
  3963 | D:4      | Reached skill level 5 in Evocations
  4090 | D:4      | Found an iron altar of Okawaru.
  4090 | D:4      | Found a shimmering altar of Xom.
  4121 | D:5      | Entered Level 5 of the Dungeon
  4124 | D:5      | Noticed a two-headed ogre
  4134 | D:4      | Reached skill level 7 in Spellcasting
  4378 | D:5      | Reached * piety under Makhleb
  4404 | D:5      | Found a stormy altar of Qazlal.
  4552 | D:5      | Found a white marble altar of Elyvilon.
  4554 | D:5      | Found a glowing golden altar of the Shining One.
  4609 | D:5      | Found a glowing silver altar of Zin.
  4686 | D:5      | Reached skill level 8 in Spellcasting
  4905 | D:5      | Reached XP level 11. HP: 83/83 MP: 23/23
  4917 | D:5      | Reached ** piety under Makhleb
  4935 | D:5      | Found a staircase to the Lair.
  5271 | Lair:1   | Entered Level 1 of the Lair of Beasts
  5292 | Lair:1   | Reached skill level 5 in Hexes
  5292 | Lair:1   | Reached skill level 5 in Charms
  5292 | Lair:1   | Reached skill level 5 in Summonings
  5292 | Lair:1   | Reached skill level 5 in Necromancy
  5292 | Lair:1   | Reached skill level 5 in Translocations
  5292 | Lair:1   | Reached skill level 5 in Transmutations
  5292 | Lair:1   | Reached skill level 5 in Fire Magic
  5292 | Lair:1   | Reached skill level 5 in Ice Magic
  5292 | Lair:1   | Reached skill level 5 in Air Magic
  5292 | Lair:1   | Reached skill level 5 in Earth Magic
  5292 | Lair:1   | Reached skill level 5 in Poison Magic
  5321 | Lair:1   | Noticed Gastronok
  5328 | Lair:1   | Noticed a seven-headed hydra
  5340 | Lair:1   | Killed a seven-headed hydra
  5429 | Lair:1   | Killed Gastronok
  5429 | Lair:1   | Reached skill level 9 in Spellcasting
  5447 | Lair:1   | Found a frozen archway.
  5500 | IceCv    | Entered an ice cave
  5507 | IceCv    | Reached XP level 12. HP: 91/91 MP: 25/25
  5570 | IceCv    | Reached *** piety under Makhleb
  5827 | IceCv    | Reached skill level 10 in Spellcasting
  5866 | IceCv    | Noticed a frost giant
  5881 | IceCv    | Killed a frost giant
  6501 | Lair:1   | Identified the +8 quarterstaff "Anokk" {crush, rC+ MR+
                  | Str-2 Dex+3}
  6771 | Lair:1   | Noticed an eidolon
  6782 | Lair:1   | Killed an eidolon
  6820 | Lair:1   | Reached XP level 13. HP: 98/98 MP: 27/27
  6835 | Lair:1   | Reached **** piety under Makhleb
  6886 | Lair:1   | Reached skill level 11 in Spellcasting
  6889 | Lair:1   | Slain by a shadow

Levels and vault maps discovered:
D:1:      sevenhm_arrival_forest_fort_small_5, layout_loops_ring,
          mrwooster_statue_mirror
D:2:      layout_sewer, minmay_randomly_rotated_circles, uniq_duvessa,
          uniq_robin
D:3:      kennysheep_spiral_hall, layout_rooms, first_ration,
          nicolae_lava_and_water, uniq_menkaure, uniq_grinder
D:4:      layout_loops_ring, gammafunk_temple_overflow_wave,
          minmay_temple_entry_junction, serial_shops, nicolae_shop_waterfront,
          bcadren_nooodl_food_pyramid, bh_walls_and_bars
D:5:      layout_rooms, good_gods_temple_1, erik_lair_dragon,
          minmay_misc_feat_room, grunt_qazlal_sundering
Temple:   regret_index_temple_sphere_string
Lair:1:   ossuary_bcadren_due_volcanic, layout_loops_ring,
          portal_ice_cave_entry_pillars_1, chequers_ossuary_entry_cave,
          uniq_gastronok

Skill      XL: |  1  2  3  4  5  6  7  8  9 10 11 12 13 |
---------------+----------------------------------------+-----
Invocations    | 1 2 3 4 5 6 7 8 |  8.8
Fighting       | 3 4 5 6 7 8 |  8.5
Short Blades   | 1 2 3 4 5 6 7 8 |  8.0
Long Blades    | 1 2 3 4 5 6 7 8 |  8.0
Axes & Hammers | 1 2 3 4 5 6 7 8 |  8.0
Whips & Flails | 1 2 3 4 5 6 7 8 |  8.0
Polearms       | 1 2 3 4 5 6 7 8 |  8.0
Maces & Staves | 1 2 3 4 5 6 7 8 |  8.0
Slings         | 1 2 3 4 5 6 7 8 |  8.0
Bows           | 1 2 3 4 5 6 7 8 |  8.0
Crossbows      | 1 2 3 4 5 6 7 8 |  8.0
Armour         | 1 2 3 4 5 6 7 8 |  8.0
Dodging        | 1 2 3 4 5 6 7 8 |  8.0
Shields        | 1 2 3 4 5 6 7 8 |  8.0
Unarmed Combat | 1 2 3 4 5 6 7 8 |  8.0
Spellcasting   | 3 4 5 6 8 9 10 11 | 11.0
Hexes          | 1 2 3 4 5 6 |  6.6
Charms         | 1 2 3 4 5 6 |  6.6
Summonings     | 1 2 3 4 5 6 |  6.6
Necromancy     | 1 2 3 4 5 6 |  6.6
Translocations | 1 2 3 4 5 6 |  6.6
Transmutations | 1 2 3 4 6 7 8 |  8.0
Fire Magic     | 1 2 3 4 5 6 |  6.6
Ice Magic      | 1 2 3 4 5 6 |  6.6
Air Magic      | 1 2 3 4 5 6 |  6.6
Earth Magic    | 1 2 3 4 5 6 |  6.6
Poison Magic   | 1 2 3 4 5 6 |  6.6
Evocations     | 1 2 3 4 5 6 7 8 |  8.0
Stealth        | 3 4 5 6 7 8 |  8.4

Action                   |  1- 3 |  4- 6 |  7- 9 | 10-12 | 13-15 || total
-------------------------+-------+-------+-------+-------+-------++-------
 Fire: Triple crossbow   |    41 |    15 |   202 |   257 |    18 ||   533
  Use: Potion            |     1 |       |     1 |       |       ||     2
       Scroll            |       |       |     5 |     5 |     1 ||    11
  Eat: Chunk             |       |     1 |     5 |     8 |       ||    14
       Ration            |       |       |     1 |     2 |       ||     3
Armor: Robe              |     2 |       |       |       |       ||     2
       Scale mail        |     5 |     1 |    33 |       |       ||    39
       Leather armour    |       |       |       |   133 |       ||   133
       Acid dragon scale |       |       |       |     4 |    21 ||    25
Dodge: Dodged            |    13 |     6 |    89 |   210 |    34 ||   352
